 Dungeon Crawl Stone Soup version 0.22-a0-351-g29664b4 (webtiles) character file.

16158 vishdafish the Spear-Bearer (level 12, -4/90 HPs)
             Began as an Octopode Berserker on Apr 12, 2018.
             Was a High Priest of Trog.
             Slain by a troll (14 damage)
             ... on level 11 of the Dungeon.
             The game lasted 00:24:02 (13049 turns).

vishdafish the Spear-Bearer (Octopode Berserker)   Turns: 13049, Time: 00:24:04

Health: -4/90      AC:  1    Str: 20    XL:     12   Next: 34%
Magic:  21/21      EV: 19    Int: 13    God:    Trog [*****.]
Gold:   587        SH:  0    Dex: 12    Spells: 11/11 levels left

rFire    . . .     SeeInvis .   y - +0 trident
rCold    + . .     Gourm    .   (no shield)
rNeg     . . .     Faith    .   (helmet restricted)
rPois    +         Spirit   .   (no amulet)
rElec    .         Reflect  .   m - ring of flight
rCorr    .         Harm     .   o - +4 ring of slaying
MR       +....                  p - ring of protection from cold
Stlth    ++++......             u - ring of magical power
HPRegen  0.25/turn              G - ring of protection from magic
MPRegen  0.17/turn              H - ring of poison resistance
                                (no ring)
                                O - +3 ring of strength

@: berserk cooldown, slowed, very slow
A: almost no armour, stealthy swim, amphibious, 8 rings, constrict 8, camouflage
1, gelatinous body 1
a: Berserk, Trog's Hand, Brothers in Arms, Renounce Religion, Evoke Flight


You were on level 11 of the Dungeon.
You worshipped Trog.
Trog was extremely pleased with you.
You were not hungry.

You visited 1 branch of the dungeon, and saw 11 of its levels.
You also visited: Sewer and Bailey.

You collected 587 gold pieces.

Inventory:

Hand Weapons
 a - a +0 antimagic war axe
 q - a +1 hunting sling of velocity
 y - a +0 trident (weapon)
 P - a +0 spear of flaming
Missiles
 A - 44 sling bullets
 D - 11 curare-tipped needles
 N - 3 silver javelins (quivered)
 T - 4 throwing nets
Jewellery
 m - a ring of flight (left tentacle)
 o - a +4 ring of slaying (right tentacle)
 p - a ring of protection from cold (on tentacle)
 u - a ring of magical power (on tentacle)
 G - a ring of protection from magic (on tentacle)
 H - a ring of poison resistance (on tentacle)
 O - a +3 ring of strength (on tentacle)
Wands
 f - a wand of random effects (20)
 s - a wand of enslavement (8)
 B - a wand of iceblast (10)
 K - a wand of paralysis (16)
 L - a wand of acid (2)
 S - a wand of clouds (6)
Scrolls
 d - 3 scrolls of noise
 e - 2 scrolls of fear
 g - a scroll of fog
 h - 6 scrolls of teleportation
 i - a scroll of remove curse
 t - 4 scrolls of enchant armour
 w - a scroll of amnesia
 C - a scroll of enchant weapon {unknown}
 F - 3 scrolls of random uselessness {unknown}
 M - 2 scrolls of magic mapping
 Q - 6 scrolls of vulnerability {unknown}
 R - a scroll of acquirement {unknown}
Potions
 c - 2 potions of brilliance
 j - 4 potions of resistance
 k - 8 potions of curing
 l - 3 potions of flight
 n - 2 potions of degeneration {unknown}
 r - a potion of magic {unknown}
 v - 2 potions of berserk rage {unknown}
 x - 4 potions of heal wounds {unknown}
 z - a potion of lignification {unknown}
 E - a potion of ambrosia {unknown}
 I - a potion of mutation {unknown}
 J - 2 potions of might {unknown}
Comestibles
 b - 10 rations


   Skills:
 + Level 11.3 Fighting
 + Level 12.0 Polearms
 + Level 11.3 Dodging
 - Level 5.2 Stealth


You had 11 spell levels left.
You didn't know any spells.

Dungeon Overview and Level Annotations

Branches:
Dungeon (11/15)            Temple (0/1) D:5            Lair (0/6) D:10
    Orc: D:9-12

Altars:
Ashenzari
Cheibriados
Dithmenos
Fedhas
Hepliaklqana
Kikubaaqudgha
Nemelex Xobeh
Okawaru
Ru
Sif Muna
Trog
Vehumet
Wu Jian

Annotations:
D:10 Sonja


Innate Abilities, Weirdness & Mutations

You cannot wear most types of armour.
You are very stealthy in the water. (Stealth+)
You are amphibious.
You can wear up to eight rings at the same time.
You can use your tentacles to constrict eight enemies at once.
Your skin changes colour to match your surroundings (Stealth+).
Your rubbery body absorbs attacks. (AC +1, EV +1)


Message History

Trog accepts your kill.
Things that are here:
a giant spiked club; an ogre corpse You feel a strong urge to attack something.
A scorpion comes into view.
You feel your anger nearly subside.
You are no longer berserk.
Trog's vigour flows through your veins.
You are exhausted.
You feel yourself slow down.
You hit the troll.
The troll is lightly wounded.
The troll bites you! The troll claws you. The troll completely misses you.
You closely miss the troll. You squeeze the troll.
The troll is lightly wounded.
The troll bites you but does no damage. The troll claws you!
* * * LOW HITPOINT WARNING * * *
The troll claws you!
* * * LOW HITPOINT WARNING * * *
The troll bites you!
You die...

#..............
#..............
##..............
................
.......<..>.....
#######.)..[....
######..########
........T.......
........@.......
................
........s.......
.....$..........
................
########..######
#..# #..#


You could see a troll and a scorpion.

Vanquished Creatures
  Josephine (D:10)
  Harold (D:10)
  4 two-headed ogres
  The ghost of Tungsten the Carver, a novice HuCK of Xom (D:7)
  A deep elf archer (Bailey)
  9 deep elf magi (Bailey)
  3 trolls
  Grinder (D:4)
  3 hippogriffs
  5 yaks (D:10)
  4 wraiths (D:10)
  Grum (D:10)
  2 ice beasts
  A phantom (D:8)
  4 orc warriors
  A black bear (D:7)
  A sky beast (D:10)
  3 eyes of draining (D:4)
  3 wolves (D:10)
  4 ogres
  2 centaurs
  2 big kobolds
  7 bullfrogs
  2 gnoll sergeants
  A water moccasin skeleton (D:5)
  2 scorpions
  A howler monkey (D:4)
  5 wights (D:9)
  3 crimson imps
  A quasit (D:6)
  3 bullfrog skeletons
  A gnoll shaman (D:7)
  4 jellies
  2 centaur skeletons
  7 orc priests
  3 hounds
  5 orc wizards
  3 iguanas
  5 worker ants
  A killer bee zombie (D:8)
  A hound skeleton (D:5)
  Robin (D:3)
  14 gnolls
  16 adders
  A river rat (Sewer)
  6 oozes
  An adder zombie (D:6)
  4 worms
  8 leopard geckos
  25 orcs
  8 giant cockroaches
  9 goblins (D:3)
  4 hobgoblins
  16 jackals
  A quokka (D:5)
  2 ball pythons
  2 bats
  7 frilled lizards
  12 kobolds
  2 quokka skeletons (D:4)
  A quokka zombie (D:5)
  9 rats
263 creatures vanquished.

Notes
Turn   | Place    | Note
-------+----------+-------------------------------------------
     0 | D:1      | vishdafish the Octopode Berserker began the quest for the Orb.
     0 | D:1      | Reached XP level 1. HP: 16/16 MP: 1/1
   181 | D:1      | Found a shattered altar of Ashenzari.
   700 | D:1      | Reached XP level 2. HP: 21/21 MP: 2/2
   860 | D:2      | Reached XP level 3. HP: 26/26 MP: 3/3
  1088 | D:2      | Reached skill level 1 in Stealth
  1193 | D:2      | Found a sparkling altar of Nemelex Xobeh.
  1339 | D:3      | Reached skill level 4 in Polearms
  1339 | D:3      | Reached XP level 4. HP: 19/31 MP: 4/4
  1453 | D:3      | Reached ** piety under Trog
  2307 | D:3      | Found a snail-covered altar of Cheibriados.
  2369 | D:3      | Reached XP level 5. HP: 36/36 MP: 5/5
  2606 | D:3      | Noticed an ogre
  2615 | D:3      | Killed an ogre
  2615 | D:3      | Reached skill level 5 in Polearms
  2615 | D:3      | Reached XP level 6. HP: 43/43 MP: 6/6
  2656 | D:3      | Noticed Robin
  2666 | D:3      | Killed Robin
  3103 | D:4      | Noticed Grinder
  3109 | D:4      | Killed Grinder
  3109 | D:4      | Reached skill level 6 in Polearms
  3109 | D:4      | Reached skill level 5 in Stealth
  3109 | D:4      | Reached XP level 7. HP: 48/48 MP: 7/7
  3169 | D:4      | Reached *** piety under Trog
  3436 | D:4      | Noticed a two-headed ogre
  3568 | D:4      | Killed a two-headed ogre
  3568 | D:4      | Reached skill level 5 in Fighting
  3568 | D:4      | Reached skill level 7 in Polearms
  3568 | D:4      | Reached skill level 5 in Dodging
  3568 | D:4      | Reached XP level 8. HP: 8/56 MP: 8/8
  3939 | D:4      | Found a bloodstained altar of Trog.
  4043 | D:5      | Entered Level 5 of the Dungeon
  4131 | D:5      | Reached XP level 9. HP: 62/62 MP: 9/9
  4220 | D:5      | Found a blossoming altar of Fedhas.
  4372 | D:5      | Found a glowing drain.
  4376 | Sewer    | Entered a sewer
  4679 | Sewer    | Found a white marble altar of Elyvilon.
  4933 | D:5      | Found a staircase to the Ecumenical Temple.
  5045 | D:5      | Reached skill level 8 in Polearms
  5658 | D:6      | Reached **** piety under Trog
  5981 | D:6      | Found an iron altar of Okawaru.
  6207 | D:6      | Found a radiant altar of Vehumet.
  7074 | D:7      | Reached skill level 9 in Polearms
  7355 | D:7      | Noticed Tungsten's ghost (novice HuCK)
  7374 | D:7      | Killed Tungsten's ghost
  7374 | D:7      | Reached XP level 10. HP: 72/72 MP: 10/10
  8275 | D:8      | Found a sacrificial altar of Ru.
  8583 | D:8      | Found an ancient bone altar of Kikubaaqudgha.
  8619 | D:8      | Noticed a two-headed ogre
  8629 | D:8      | Killed a two-headed ogre
  9025 | D:8      | Found an ornate altar of the Wu Jian Council.
  9169 | D:8      | Found a deep blue altar of Sif Muna.
  9533 | D:8      | Found a hazy altar of Hepliaklqana.
  9562 | D:8      | Reached skill level 10 in Polearms
  9850 | D:9      | Noticed a two-headed ogre
 10050 | D:9      | Reached ***** piety under Trog
 10061 | D:9      | Found a shadowy altar of Dithmenos.
 10110 | D:9      | Received a gift from Trog
 10291 | D:9      | Killed a two-headed ogre
 10291 | D:9      | Reached XP level 11. HP: 80/80 MP: 11/11
 10639 | D:9      | Noticed a two-headed ogre
 10651 | D:9      | Killed a two-headed ogre
 10779 | D:10     | Entered Level 10 of the Dungeon
 10851 | D:10     | Found a flagged portal.
 11029 | Bailey   | Entered a bailey
 11065 | Bailey   | Noticed a deep elf mage
 11071 | Bailey   | Killed a deep elf mage
 11117 | Bailey   | Noticed a deep elf mage
 11118 | Bailey   | Noticed a deep elf mage
 11118 | Bailey   | Noticed a deep elf mage
 11125 | Bailey   | Noticed a deep elf mage
 11127 | Bailey   | Killed a deep elf mage
 11127 | Bailey   | Reached skill level 10 in Fighting
 11128 | Bailey   | Noticed a deep elf mage
 11128 | Bailey   | Noticed a deep elf mage
 11129 | Bailey   | Killed a deep elf mage
 11129 | Bailey   | Reached skill level 10 in Dodging
 11132 | Bailey   | Killed a deep elf mage
 11132 | Bailey   | Reached skill level 11 in Polearms
 11134 | Bailey   | Killed a deep elf mage
 11140 | Bailey   | Killed a deep elf mage
 11144 | Bailey   | Killed a deep elf mage
 11250 | Bailey   | Noticed a deep elf archer
 11258 | Bailey   | Killed a deep elf archer
 11561 | Bailey   | Noticed a deep elf mage
 11561 | Bailey   | Noticed a deep elf mage
 11570 | Bailey   | Killed a deep elf mage
 11572 | Bailey   | Killed a deep elf mage
 11909 | D:10     | Noticed Sonja
 12037 | D:10     | Received a gift from Trog
 12038 | D:10     | Reached XP level 12. HP: 89/89 MP: 12/12
 12183 | D:10     | Noticed Josephine
 12190 | D:10     | Killed Josephine
 12494 | D:10     | Noticed Grum
 12501 | D:10     | Killed Grum
 12757 | D:10     | Noticed Harold
 12768 | D:10     | Killed Harold
 12768 | D:10     | Reached skill level 12 in Polearms
 13049 | D:11     | Slain by a troll

Vault maps used:
D:1:      dpeg_arrival_rooms_a, nicolae_ashenzari_panopticon
D:2:      overflow_temple_1_default
D:3:      cheibriados_altar_1, uniq_robin
D:4:      trog_eyes_of_draining, first_ration, minmay_liquid_box, uniq_grinder
D:5:      lemuel_doored_altar, minmay_temple_entry_nine_rooms,
          gup_sewer_entry_spiral
D:6:      okawaru_metal_pillars_1_2, nicolae_overflow_hidden_temple,
          eino_small_chamber_without_monster
D:8:      marbit_many_paths, kennysheep_mini_moat,
          lemuel_coloured_pillars_altar, old_standard_altar,
          nicolae_ru_awakened_eye
D:9:      nicolae_dithmenos_the_darkroom
D:10:     david_lair_shrubbed, enter_bailey_2, hangedman_little_slice_of_home,
          uniq_harold, uniq_grum, uniq_sonja, uniq_josephine
D:11:     kennysheep_generic_room_15
Sewer:    sewer_kobolds
Bailey:   bailey_polearm_3, bailey

Skill      XL: |  1  2  3  4  5  6  7  8  9 10 11 12 |
---------------+-------------------------------------+-----
Stealth        | 1 2 3 5 |  5.2
Polearms       | 4 5 6 7 9 10 11 12 | 12.0
Fighting       | 4 5 6 8 9 10 11 | 11.3
Dodging        | 4 5 6 8 9 10 11 | 11.3

Action                   |  1- 3 |  4- 6 |  7- 9 | 10-12 || total
-------------------------+-------+-------+-------+-------++-------
Melee: Spear             |    62 |    70 |       |       ||   132
       Constrict         |    10 |    13 |    42 |    25 ||    90
       Tentacles         |     9 |    10 |    43 |    51 ||   113
       Trident           |       |    20 |   209 |   269 ||   498
 Fire: Hunting sling     |       |     1 |     7 |    11 ||    19
Invok: Berserk           |     2 |     8 |    13 |    25 ||    48
Evoke: Wand              |       |       |     6 |     7 ||    13
  Use: Scroll            |       |       |    13 |     3 ||    16
 Stab: Sleeping          |     5 |     4 |    21 |    13 ||    43
       Distracted        |       |     1 |       |       ||     1
  Eat: Chunk             |     2 |    10 |    17 |    17 ||    46
       Ration            |       |     1 |     3 |     7 ||    11
Armor: Skin              |     1 |     4 |     2 |     2 ||     9
Dodge: Dodged            |    23 |    47 |    81 |   115 ||   266

Table legend:
 A = Spawn XP
 B = Non-spawn XP
 C = Spawn XP percentage of total XP
 D = Spawn monster count
 E = Non-spawn monster count
 F = Spawn count percentage of total count
 G = Total turns spent on level
                    A         B        C        D         E        F      G
               +---------+---------+-------+---------+---------+-------+---------
         Total |       0 |   23084 |   0.0 |       0 |     263 |   0.0 | 13049
               +---------+---------+-------+---------+---------+-------+---------
           D:1 |       0 |      11 |   0.0 |       0 |       9 |   0.0 |   788
           D:2 |       0 |      67 |   0.0 |       0 |      15 |   0.0 |  1092
           D:3 |       0 |     286 |   0.0 |       0 |      31 |   0.0 |  1078
           D:4 |       0 |    1927 |   0.0 |       0 |      25 |   0.0 |  1085
           D:5 |       0 |     706 |   0.0 |       0 |      32 |   0.0 |  1152
           D:6 |       0 |     746 |   0.0 |       0 |      21 |   0.0 |  1308
           D:7 |       0 |    1733 |   0.0 |       0 |      19 |   0.0 |  1276
           D:8 |       0 |    2562 |   0.0 |       0 |      39 |   0.0 |  1900
           D:9 |       0 |    2739 |   0.0 |       0 |      23 |   0.0 |   773
          D:10 |       0 |    5717 |   0.0 |       0 |      28 |   0.0 |  1479
          D:11 |       0 |     569 |   0.0 |       0 |       3 |   0.0 |    21
         Sewer |       0 |     113 |   0.0 |       0 |       8 |   0.0 |   351
        Bailey |       0 |    5908 |   0.0 |       0 |      10 |   0.0 |   746
               +---------+---------+-------+---------+---------+-------+---------
